 Dungeon Crawl Stone Soup version 0.19.0-19-g8c6edcc (webtiles) character file.

14326 Nahar the Basher (level 11, -9/101 HPs)
             Began as a Minotaur Berserker on Nov 11, 2016.
             Was a High Priest of Trog.
             Mangled by a troll (13 damage)
             ... led by an orc high priest
             ... on level 1 of the Orcish Mines on Nov 13, 2016.
             The game lasted 00:39:51 (9307 turns).

Nahar the Basher (Minotaur Berserker)               Turns: 9307, Time: 00:39:52

Health: -9/101     AC: 20    Str: 36    XL:     11   Next: 87%
Magic:  10/10      EV: 13    Int:  9    God:    Trog [*****.]
Gold:   937        SH:  0    Dex: 14    Spells: 0 memorised, 10 levels left

rFire  . . .     SeeInvis .     D - +1 great mace "Negigg" {protect, *Rage Str+9}
rCold  + . .     Gourm    .     B - +0 plate armour
rNeg   . . .     Faith    .     (shield currently unavailable)
rPois  .         Spirit   .     (helmet restricted)
rElec  .         Reflect  .     u - +0 cloak {MR+}
rCorr  .         Harm     .     c - +2 pair of gloves "Otatit" {rC+ Int+5}
MR     +++..     Rnd*Rage +     (no boots)
Stlth  ..........               (no amulet)
                                x - +2 ring of strength
                                k - +4 ring of dexterity

@: exhausted, about to teleport, regenerating, slowed, very slow
A: retaliatory headbutt, horns 2
a: Berserk, Trog's Hand, Brothers in Arms, Burn Spellbooks, Renounce Religion


You were on level 1 of the Orcish Mines.
You worshipped Trog.
Trog was extremely pleased with you.
You were not hungry.

You visited 2 branches of the dungeon, and saw 10 of its levels.
You also visited: Sewer and Ice Cave.

You collected 937 gold pieces.

Inventory:

Hand Weapons
 a - a +1 mace
 e - a +1 great sword
 v - a +3 flail
 D - the +1 great mace "Negigg" (weapon) {protect, *Rage Str+9}
   (Trog gifted it to you on level 1 of the Orcish Mines)

   It protects the one who uses it against injury (+AC on strike).
   It affects your strength (+9).
   It may make you go berserk in combat.
Missiles
 w - 4 needles of sleeping
Armour
 c - the +2 pair of gloves "Otatit" (worn) {rC+ Int+5}
   (You found it in an ice cave)

   It affects your intelligence (+5).
   It protects you from cold.
 h - a +0 chain mail
 u - a +0 cloak of magic resistance (worn)
 B - a +0 plate armour (worn)
Jewellery
 k - a +4 ring of dexterity (left hand)
 q - an uncursed ring of flight
 s - an uncursed ring of ice
 x - a +2 ring of strength (right hand)
Wands
 g - a wand of iceblast (4/15)
 C - a wand of iceblast (6/15)
 F - a wand of iceblast (8/15)
Scrolls
 n - 3 scrolls of remove curse
 r - 3 scrolls of magic mapping
 t - a scroll of fog
 y - 2 scrolls of recharging
Potions
 d - a potion of ambrosia {unknown}
 i - 3 potions of flight
 j - 3 potions of haste
 m - a potion of cancellation {unknown}
 o - a potion of degeneration {unknown}
 p - a potion of berserk rage {unknown}
 A - a potion of magic {unknown}
Comestibles
 b - 8 royal jellies
 f - 7 meat rations


   Skills:
 * Level 10.5 Fighting
 * Level 14.8 Maces & Flails
 * Level 11.8 Armour
 * Level 7.6 Dodging
 + Level 1.4 Stealth


You had 10 spell levels left.
You didn't know any spells.

Dungeon Overview and Level Annotations

Branches:
Dungeon (9/15)             Temple (0/1) D:7            Lair (0/6) D:9
    Orc (1/2) D:9

Altars:
Cheibriados
Dithmenos
Fedhas
Sif Muna
Trog
Uskayaw
The Shining One
Beogh

Shops:
Orc:1 (


Innate Abilities, Weirdness & Mutations

You reflexively headbutt those who attack you in melee.
You have a pair of horns on your head.


Message History

The troll barely misses you. The troll closely misses you.
The hellwing hits you but does no damage.
The hellwing misses you.
You thump the hellwing!
Your weapon exudes an aura of protection.
Your headbutt misses the hellwing.
The hellwing is lightly wounded.
The troll completely misses you. The troll claws you.
* * * LOW HITPOINT WARNING * * *
The troll misses you. The hellwing barely misses you. The hellwing misses you.
The troll barely misses you. You furiously retaliate!
You headbutt the troll, but do no damage.
The troll barely misses you. The troll completely misses you.
Okay, then.
Okay, then.
As you read the scroll of teleportation, it crumbles to dust.
You feel strangely unstable.
The hellwing hits you but does no damage. x2
The troll bites you!
You die...

...... ##....#### #.....
####....##.
....#.#######.###......
.....8.8.8....##......
#.....⌠.⌠.....#.......
.........##8.∩.8............
....#.. ##.⌠.⌠.............
........ #.848.8.........##.
.....O..####@####............
...oT.o#4###T## ###.#...#....
>.........#4oo# ######...#...
........ooO#o####.###...##...
...........oT.......##.##....
..........#..........####....
..#..................#......
...............##............
..............###......[>....


You could see an orc high priest, a hellwing, an ice devil, 2 trolls, an ogre,
an orc priest and 2 orcs.

Vanquished Creatures
  Erica (D:8)
  Pikel (D:7)
  A necromancer (IceCv)
  The ghost of Sar the Nimble, a novice FeAK of Lugonu (D:8)
  An orc sorcerer (Orc:1)
  A deep elf mage (D:8)
  An ice statue (IceCv)
  Joseph (D:8)
  10 freezing wraiths (IceCv)
  2 trolls (D:9)
  2 ice devils (Orc:1)
  A queen bee (D:9)
  3 hippogriffs
  The ghost of Cokeysmoke the Gusty, an amateur TeAE of Vehumet (D:4)
  A wyvern (D:9)
  Grum (D:8)
  3 death yak simulacra (IceCv)
  A warg (Orc:1)
  A slave (D:7)
  9 ice beasts
  4 orc warriors
  A phantom (D:6)
  A black bear (D:9)
  3 eyes of draining
  2 ogres
  4 wolves (D:8)
  2 sky beasts
  The ghost of inmateoo the Twirler, an amateur FoGl (D:6)
  3 centaurs
  2 big kobolds
  3 bullfrogs (D:9)
  2 scorpions (D:5)
  19 killer bees (D:9)
  5 wights (D:4)
  4 crimson imps
  2 hounds
  3 jellies
  A centaur zombie (D:6)
  8 orc priests
  4 draconian simulacra (IceCv)
  11 orc wizards
  An iguana (D:7)
  3 worker ants
  3 spriggan simulacra (IceCv)
  6 troll simulacra (IceCv)
  A wolf simulacrum (IceCv)
  2 centaur simulacra (IceCv)
  A hound skeleton (D:8)
  14 adders
  7 gnolls
  3 ogre simulacra (IceCv)
  2 naga simulacra (IceCv)
  A river rat (Sewer)
  4 shadow imps
  12 white imps (IceCv)
  3 oozes (D:1)
  An adder zombie (D:7)
  3 dart slugs
  4 leopard geckos
  19 orcs
  A ball python (D:3)
  4 giant cockroaches
  6 goblins
  5 hobgoblins
  13 jackals
  7 quokkas
  7 bats
  10 frilled lizards
  A jackal zombie (D:5)
  12 kobolds
  A leopard gecko skeleton (D:6)
  9 rats
294 creatures vanquished.

Notes
Turn   | Place    | Note
-------+----------+-------------------------------------------
     0 | D:1      | Nahar the Minotaur Berserker began the quest for the Orb.
     0 | D:1      | Reached XP level 1. HP: 19/19 MP: 0/0
    49 | D:1      | Reached XP level 2. HP: 19/27 MP: 1/1
    59 | D:1      | Reached skill level 4 in Maces & Flails
   204 | D:1      | Reached XP level 3. HP: 19/33 MP: 2/2
   544 | D:2      | Reached ** piety under Trog
   585 | D:2      | Found a snail-covered altar of Cheibriados.
   601 | D:2      | Reached XP level 4. HP: 29/41 MP: 3/3
   634 | D:2      | Reached skill level 5 in Maces & Flails
  1199 | D:3      | Found a glowing drain.
  1389 | Sewer    | Entered a sewer
  1400 | Sewer    | Reached *** piety under Trog
  1400 | Sewer    | Reached XP level 5. HP: 38/47 MP: 4/4
  1452 | Sewer    | Reached skill level 5 in Fighting
  1724 | Sewer    | Found a white marble altar of Elyvilon.
  1932 | D:3      | Reached skill level 6 in Maces & Flails
  2040 | D:4      | Noticed Cokeysmoke's ghost (amateur TeAE)
  2061 | D:4      | Killed Cokeysmoke's ghost
  2061 | D:4      | Reached XP level 6. HP: 56/56 MP: 5/5
  2088 | D:4      | Reached skill level 7 in Maces & Flails
  2093 | D:4      | Reached XP level 7. HP: 51/61 MP: 6/6
  2166 | D:4      | Found a hide-covered altar of Uskayaw.
  2167 | D:4      | Noticed a dagger
  2168 | D:4      | Noticed a dagger
  2212 | D:4      | Upgraded the game from 0.19.0-18-g426998a to 0.19.0-19-g8c6edcc
  2403 | D:4      | Reached skill level 1 in Stealth
  2472 | D:4      | Found a roughly hewn altar of Beogh.
  2661 | D:4      | Found a bloodstained altar of Trog.
  2675 | D:4      | Reached skill level 8 in Maces & Flails
  2675 | D:4      | Reached skill level 5 in Armour
  2682 | D:4      | Reached **** piety under Trog
  2744 | D:5      | Entered Level 5 of the Dungeon
  2994 | D:5      | Reached XP level 8. HP: 70/70 MP: 7/7
  3548 | D:5      | Found a shadowy altar of Dithmenos.
  3732 | D:6      | Reached skill level 9 in Maces & Flails
  4090 | D:6      | Noticed inmateoo's ghost (amateur FoGl)
  4097 | D:6      | Killed inmateoo's ghost
  4465 | D:6      | Reached skill level 10 in Maces & Flails
  4762 | D:7      | Reached XP level 9. HP: 79/79 MP: 8/8
  4827 | D:7      | Found a blossoming altar of Fedhas.
  4983 | D:7      | Reached skill level 5 in Dodging
  5079 | D:7      | Found a staircase to the Ecumenical Temple.
  5092 | D:7      | Noticed Pikel
  5103 | D:7      | Killed Pikel
  5394 | D:7      | Found a deep blue altar of Sif Muna.
  5443 | D:8      | Noticed Grum
  5452 | D:8      | Killed Grum
  5453 | D:8      | Reached skill level 11 in Maces & Flails
  5468 | D:8      | Noticed Joseph
  5654 | D:8      | Killed Joseph
  5760 | D:8      | Noticed Sar's ghost (novice FeAK)
  5775 | D:8      | Killed Sar's ghost
  5775 | D:8      | Reached XP level 10. HP: 45/88 MP: 9/9
  6217 | D:8      | Reached ***** piety under Trog
  6217 | D:8      | Reached skill level 12 in Maces & Flails
  6224 | D:8      | Noticed a deep elf mage
  6329 | D:8      | Killed a deep elf mage
  6329 | D:8      | Reached skill level 10 in Armour
  6661 | D:8      | Noticed Erica
  6675 | D:8      | Killed Erica
  6818 | D:9      | Found a staircase to the Orcish Mines.
  6838 | D:9      | Found a glowing golden altar of the Shining One.
  6924 | D:9      | Reached skill level 13 in Maces & Flails
  7386 | D:9      | Reached XP level 11. HP: 56/97 MP: 10/10
  7406 | D:9      | Received a gift from Trog
  7665 | D:9      | Found a staircase to the Lair.
  8547 | Orc:1    | Entered Level 1 of the Orcish Mines
  8630 | Orc:1    | Received a gift from Trog
  8635 | Orc:1    | Got a twisted great mace {god gift}
  8636 | Orc:1    | Identified the +1 great mace "Negigg" {protect, *Rage Str+9} (Trog gifted it to you on level 1 of the Orcish Mines)
  8639 | Orc:1    | Found a frozen archway.
  8656 | IceCv    | Entered an ice cave
  8669 | IceCv    | HP: 4/99 [death yak simulacrum (8)]
  8818 | IceCv    | Reached skill level 10 in Fighting
  8874 | IceCv    | Reached skill level 14 in Maces & Flails
  8954 | IceCv    | Noticed a necromancer
  8958 | IceCv    | Killed a necromancer
  9000 | IceCv    | Got a pair of ancient gloves
  9111 | IceCv    | Found an ancient bone altar of Kikubaaqudgha.
  9245 | Orc:1    | Identified the +2 pair of gloves "Otatit" {rC+ Int+5} (You found it in an ice cave)
  9268 | Orc:1    | Found Sumienn's Weapon Shop.
  9279 | Orc:1    | Noticed an orc sorcerer
  9283 | Orc:1    | Killed an orc sorcerer
  9293 | Orc:1    | Noticed an orc high priest
  9295 | Orc:1    | Noticed a sun demon
  9305 | Orc:1    | HP: 2/101 [troll[an orc high priest] (8)]
  9307 | Orc:1    | Mangled by a troll

Skill      XL: |  1  2  3  4  5  6  7  8  9 10 11 |
---------------+----------------------------------+-----
Maces & Flails | 4 5 6 7 8 10 11 13 14 | 14.8
Fighting       | 4 5 7 8 9 10 | 10.5
Armour         | 3 4 5 6 9 10 11 | 11.8
Dodging        | 3 4 5 6 7 |  7.6
Stealth        | 1 |  1.4

Action                   |  1- 3 |  4- 6 |  7- 9 | 10-12 || total
-------------------------+-------+-------+-------+-------++-------
Melee: Mace              |    77 |   121 |   196 |       ||   394
       Headbutt          |    11 |    17 |    73 |    97 ||   198
       Flail             |       |       |    72 |   250 ||   322
       Great mace        |       |       |       |   126 ||   126
Invok: Berserk           |       |       |     1 |       ||     1
       Trog's Hand       |       |       |       |     8 ||     8
  Use: Scroll            |     8 |     3 |     3 |     4 ||    18
       Potion            |       |     6 |     4 |     9 ||    19
 Stab: Invisible         |       |     4 |       |     2 ||     6
  Eat: Beef jerky        |       |     2 |       |       ||     2
       Bread ration      |       |     1 |     1 |     3 ||     5
       Fruit             |       |       |     5 |     3 ||     8
       Pizza             |       |       |       |     2 ||     2
Armor: Animal skin       |    12 |       |       |       ||    12
       Chain mail        |    21 |    59 |   109 |    95 ||   284
       Plate armour      |       |       |       |   125 ||   125
Dodge: Dodged            |    46 |    53 |   149 |   216 ||   464
